 Dungeon Crawl Stone Soup version 0.31-a0-700-gf13585253f (webtiles) character file.

Game seed: 9517250252261685833

255255 IdlyInterested the Spry (level 19, -20/152 HPs)
             Began as a Demonspawn Monk on Sept 6, 2023.
             Was a High Priest of Makhleb.
             Killed from afar by a deep elf elementalist (35 damage)
             ... with a blast of rock fragments
             ... on level 3 of the Elven Halls on Sept 7, 2023.
             The game lasted 02:47:23 (36807 turns).

IdlyInterested the Spry (Demonspawn Monk)          Turns: 36807, Time: 02:47:24

Health: -20/152    AC: 18    Str: 19    XL:     19   Next: 4%
Magic:  19/19      EV: 32    Int: 25    God:    Makhleb [*****.]
Gold:   1652       SH:  9    Dex: 34    Spells: 18/18 levels left

rFire   + + .        U - +9 demon blade (drain)
rCold   + . .        (no shield)
rNeg    . . .        L - +1 leather armour of Noughts and Crosses {rF+ Will++ Dex+2}
rPois   .            J - +2 helmet {Int+3}
rElec   .            C - scarf {rC+ rF+}
rCorr   .            (gloves unavailable)
SInv    .            B - +1 pair of boots
Will    ++++.        I - amulet of reflection
Stlth   +++++        G - ring "Zunoum" {Fly Str+6 Int+4}
HPRegen 3.45/turn    M - +6 ring of dexterity
MPRegen 0.16/turn

%: reflection
@: corroded, flying, studying Ice Magic
A: icy blue scales 2, icemail 2, powered by death 3, condensation shield,
demonic willpower, demonic touch 3, thin skeletal structure 1, agile 2, clever
2, wild magic 1
}: 2/15 runes: decaying, serpentine
a: Renounce Religion, Minor Destruction, Lesser Servant of Makhleb, Major
Destruction, Greater Servant of Makhleb


You were on level 3 of the Elven Halls.
You worshipped Makhleb.
Makhleb was extremely pleased with you.
You visited 7 branches of the dungeon, and saw 34 of its levels.
You visited 1 bazaar.
You also visited: Trove, Sewer, Bailey, Gauntlet and Ice Cave.

You collected 2989 gold pieces.
You spent 1337 gold pieces at shops.

Inventory:

Hand Weapons
 F - the +2 dagger "Itevicw" {antimagic, rElec rF+ rN+}
   (You found it on level 11 of the Dungeon)

   rF+:       It protects you from fire.
   rElec:     It insulates you from electricity.
   rN+:       It protects you from negative energy.
 U - a +9 demon blade of draining (weapon)
 Z - a +4 scimitar of flaming
Missiles
 c - 44 poisoned darts (quivered)
 f - 8 javelins
 q - 12 silver javelins
 T - 12 boomerangs
 V - 4 throwing nets
 Y - 8 curare-tipped darts
Armour
 d - an orb of light
 B - a +1 pair of boots (worn)
 C - a scarf of resistance (worn)
 J - a +2 helmet of intelligence (worn)
 L - the +1 leather armour of Noughts and Crosses (worn) {rF+ Will++ Dex+2}
   (You found it in a Gauntlet)

   Dex+2:     It affects your dexterity (+2).
   rF+:       It protects you from fire.
   Will++:    It greatly increases your willpower.
 P - a +2 buckler of reflection
 X - a +2 robe of resistance
Jewellery
 e - a ring of resist corrosion
 u - a ring of positive energy
 x - a ring of protection from cold
 G - the ring "Zunoum" (left hand) {Fly Str+6 Int+4}
   (You found it in a Gauntlet)

   [ring of strength]

   Str+6:     It affects your strength (+6).
   Int+4:     It affects your intelligence (+4).
   Fly:       It grants you flight.
 H - a ring of willpower
 I - an amulet of reflection (around neck)
 M - a +6 ring of dexterity (right hand)
 R - a ring of poison resistance
Wands
 h - a wand of digging (17)
 i - a wand of quicksilver (6)
 o - a wand of roots (27)
 p - a wand of charming (23)
 r - a wand of flame (104)
 A - a wand of polymorph (35)
 S - a wand of mindburst (45)
Scrolls
 m - 7 scrolls of fear
 s - 5 scrolls of summoning
 t - 4 scrolls of fog
 v - 19 scrolls of teleportation
 y - a scroll of revelation
 z - 6 scrolls of blinking
 N - 2 scrolls of silence
 O - 2 scrolls of brand weapon
 W - 3 scrolls of enchant armour
Potions
 a - 5 potions of might
 g - 7 potions of enlightenment
 j - 9 potions of mutation
 k - 5 potions of resistance
 w - 26 potions of curing
 D - 6 potions of cancellation
 E - 4 potions of haste
 K - a potion of invisibility
Miscellaneous
 b - a phantom mirror
 n - a box of beasts


   Skills:
 - Level 14.0 Fighting
 - Level 15.4 Long Blades
 + Level 7.7 Throwing
 - Level 12.0 Armour
 - Level 16.0 Dodging
 - Level 4.0 Stealth
 + Level 13.5 Unarmed Combat
 - Level 8.0 Evocations
 - Level 4.0 Shapeshifting


You had 18 spell levels left.
You didn't know any spells.
Your spell library contained the following spells:

 Spells                   Type           Power      Damage    Failure   Level
 Kiss of Death            Conj/Necr      0%         2d5       22%         1
 Magic Dart               Conj           0%         1d3       22%         1
 Sandblast                Erth           0%         2d4       22%         1
 Shock                    Conj/Air       0%         1d3       22%         1
 Sting                    Tmut/Pois      0%         1d3       22%         1
 Blink                    Tloc           0%         N/A       30%         2
 Call Imp                 Summ           0%         N/A       30%         2
 Lesser Beckoning         Tloc           0%         N/A       30%         2
 Momentum Strike          Conj/Tloc      0%         3d8       30%         2
 Passwall                 Tmut/Erth      0%         N/A       30%         2
 Poisonous Vapours        Pois/Air       0%         N/A       30%         2
 Searing Ray              Conj           0%         2d4       30%         2
 Call Canine Familiar     Summ           0%         N/A       50%         3
 Confusing Touch          Hex            0%         N/A       50%         3
 Dazzling Flash           Conj/Hex       0%         N/A       50%         3
 Hailstorm                Conj/Ice       0%         3d3       50%         3
 Inner Flame              Hex/Fire       0%         N/A       50%         3
 Mephitic Cloud           Conj/Pois/Air  0%         N/A       50%         3
 Portal Projectile        Hex/Tloc       0%         N/A       50%         3
 Stone Arrow              Conj/Erth      0%         3d7       50%         3
 Anguish                  Hex/Necr       0%         N/A       88%         4
 Dispel Undead            Necr           0%         3d6       88%         4
 Fulminant Prism          Conj/Hex       0%         3d5       88%         4
 Leda's Liquefaction      Hex/Erth       0%         N/A       88%         4
 Olgreb's Toxic Radiance  Pois           0%         N/A       88%         4
 Summon Ice Beast         Ice/Summ       0%         N/A       88%         4
 Agony                    Necr           0%         N/A       99%         5
 Lee's Rapid Deconstruct  Erth           0%         3d4*      99%         5
 Silence                  Hex/Air        0%         N/A       99%         5
 Death Channel            Necr           0%         N/A       100%        6
 Leda's Unmaking          Conj/Erth      0%         9d1       100%        6
 Simulacrum               Ice/Necr       0%         N/A       100%        6
 Haunt                    Necr/Summ      0%         N/A       100%        7
 Malign Gateway           Summ/Tloc      0%         N/A       100%        7


Dungeon Overview and Level Annotations

Branches:
Dungeon (15/15)            Temple (1/1) D:7            Lair (5/5) D:11
  Swamp (4/4) Lair:2        Snake (4/4) Lair:2        Slime (0/5) Lair:5
    Orc (2/2) D:9             Elf (3/3) Orc:2        Vaults (0/5) D:13
 Depths (0/4) D:15          Sewer (visited)          Bailey (visited)
  IceCv (visited)         Gauntlet (visited)

Altars:
Ashenzari
Cheibriados
Dithmenos
Fedhas
Gozag
Hepliaklqana
Kikubaaqudgha
Makhleb
Nemelex Xobeh
Okawaru
Qazlal
Ru
Sif Muna
Trog
Uskayaw
Vehumet
Wu Jian
Xom
Yredelemnul
Jiyva

Shops:
D:6 =   D:10 [   D:13 [   D:14 =   Orc:2 !!?*   Elf:2 :*((*   Snake:1 =:=
Snake:4 *


Innate Abilities, Weirdness & Mutations

You are mostly covered in icy blue scales. (AC +3)
A meltable icy envelope protects you from harm. (AC +8)
You regenerate a lot of health from kills.
A meltable shield of frost defends you. (SH +4)
You punish those that try to bend your will. (Will+)
Your touch may irresistibly damage your foes and sap their willpower.
You have a somewhat thin skeletal structure. (Dex +2, Stealth+)
You are very agile. (Dex +8, Str/Int -2)
Your mind is very acute. (Int +8, Str/Dex -2)
Your spells are a little harder to cast, but a little more powerful.


Message History

Unknown command.
You slash the deep elf high priest!
The deep elf high priest is severely wounded.
The deep elf high priest mumbles some strange prayers to its god against you.
Something smites you!
* * * LOW HITPOINT WARNING * * *
The deep elf high priest completely misses you.
The deep elf elementalist closely misses you.
You closely miss the deep elf high priest.
The deep elf high priest is severely wounded.
The deep elf high priest intones a terrible prayer.
The deep elf high priest mumbles some strange prayers to its god against you.
Something smites you!
* * * LOW HITPOINT WARNING * * *
A deep elf annihilator comes into view. It is wielding a +0 long sword.
The deep elf elementalist completely misses you.
You closely miss the deep elf high priest.
Your touch misses the deep elf high priest.
Your punch misses the deep elf high priest.
The deep elf high priest is severely wounded.
You slice the deep elf high priest!!
You kill the deep elf high priest!
Makhleb accepts your kill.
You feel better.
The deep elf elementalist completely misses you.
The deep elf high priest hits you but does no damage.
A deep elf master archer comes into view.
You slash the deep elf elementalist! You punch the deep elf elementalist.
The deep elf elementalist is moderately wounded.
The +1 short sword of holy wrath hits you!
* * * LOW HITPOINT WARNING * * *
You convulse!
* * * LOW HITPOINT WARNING * * *
You block the deep elf elementalist's attack.
You slice the deep elf elementalist!!
The deep elf elementalist is almost dead.
The +1 short sword of holy wrath misses you.
The deep elf elementalist points next to you and mumbles some strange words.
The wall shatters!
The blast of rock fragments hits you!!
You die...

..##e e...
e... #.e#
#..# #..#
#e(# #e@#
#..# ##..#
##.))#
##....###.##
#..).........
##...####.###
#.###.####...
.
#...........


You could see a deep elf master archer, a deep elf annihilator (empowered), a
deep elf elementalist (fast, empowered, repels missiles), a deep elf high
priest, 2 deep elf zephyrmancers and a +1 short sword of holy wrath.

Vanquished Creatures
  3 tentacled monstrosities (Swamp:4)
  3 thorn hunters (Swamp:4)
  9 nagarajas
  3 fenstrider witches (Swamp:4)
  Roxanne (D:14)
  Louise (Elf:1)
  4 deep elf sorcerers (Elf:3)
  A frost giant (IceCv)
  A deep elf elementalist (Elf:3)
  A caustic shrike zombie (D:15)
  The ghost of Eugor the Geomancer, a journeyman GrEE of Vehumet (Orc:2)
  A reaper (Swamp:4)
  2 eleionomae
  Nessos (D:14)
  3 bunyips
  Azrael (Elf:1)
  2 deep elf annihilators
  A blizzard demon (Swamp:4)
  A fire dragon (Lair:5)
  2 deep elf high priests
  2 shambling mangroves (Swamp:4)
  3 deep elf death magi
  4 hydras
  Harold (Orc:1)
  The ghost of Ehotes the Geomancer, a journeyman OpSh of Cheibriados (Lair:1)
  Erica (D:10)
  4 ogre magi
  Erolcha (D:10)
  A vault guard (D:13)
  2 spriggan air magi (Swamp:4)
  An anaconda (shapeshifter) (D:15)
  11 anacondas
  3 boulder beetles (D:15)
  An ironbound frostheart (D:13)
  10 alligators
  A ghost crab (Swamp:1)
  34 dancing weapons
  4 centaur warriors
  6 naga warriors
  10 two-headed ogres
  A tengu warrior (Gauntlet)
  19 death yaks
  2 spriggan berserkers (Swamp:4)
  5 spriggans
  13 naga sharpshooters
  2 orc high priests
  5 shock serpents
  A soul eater (Swamp:4)
  14 deep elf knights
  A spark wasp zombie (D:15)
  A skeletal warrior (D:15)
  12 sea snakes (Snake:4)
  2 salamander mystics
  6 goliath frogs
  A sea snake (shapeshifter) (Elf:3)
  2 spriggan druids (Swamp:4)
  5 bog bodies
  5 naga ritualists
  5 swamp dragons
  4 deep elf archers (Elf:1)
  A lindwurm (Lair:5)
  2 necromancers
  2 wizards (Swamp:4)
  A phantasmal warrior (D:15)
  5 ugly things
  An oklob plant (Snake:1)
  19 deep elf zephyrmancers
  4 will-o-the-wisps
  11 mana vipers
  21 deep elf pyromancers
  4 salamanders
  A frost giant zombie (D:15)
  3 orc sorcerers
  3 orc knights (Orc:2)
  The ghost of Age the Fighter, a novice MiFi (D:5)
  Maurice (D:10)
  3 manticores
  4 cyclopes
  Joseph (Lair:1)
  3 elephants (Lair:2)
  An eye of devastation (Gauntlet)
  3 guardian serpents (Snake:4)
  10 naga magi
  2 molten gargoyles (Lair:5)
  3 gargoyles
  32 black mambas
  An ice statue (IceCv)
  An orange demon (Swamp:4)
  An unseen horror (D:12)
  14 cane toads
  2 efreet
  3 kobold demonologists
  3 freezing wraiths
  18 komodo dragons
  6 rime drakes
  5 tengu conjurers
  2 guardian mummies (D:15)
  4 trolls
  A bloated husk (Swamp:3)
  7 polar bears
  6 tyrant leeches
  A hellwing (Swamp:4)
  A wind drake (shapeshifter) (Elf:1)
  23 blink frogs
  7 hornets
  An ettin zombie (D:15)
  A slime creature (D:8)
  2 centaur simulacra (D:15)
  2 large abominations (Gauntlet)
  2 vampires
  2 water elementals (Elf:1)
  4 fire elementals (Elf:1)
  51 yaks
  7 wyverns
  4 wraiths
  2 humans (D:13)
  9 basilisks
  A golden eye (Gauntlet)
  3 chaos spawn (Swamp:4)
  A steam dragon (shapeshifter) (D:15)
  3 neqoxecs (Swamp:4)
  4 steam dragons
  19 vampire mosquitoes
  Menkaure (D:5)
  31 nagas
  4 wargs
  12 swamp worms
  4 acid dragons
  3 small abominations (Gauntlet)
  7 hell hounds
  15 water moccasins
  3 swamp drakes
  Pargi (Sewer)
  3 black bears
  34 orc warriors
  An ice beast (D:8)
  14 ogres
  15 wolves
  23 centaurs
  3 phantoms
  12 bullfrogs
  5 kobold brigands
  2 gnoll sergeants
  3 earth elementals (Elf:2)
  2 scorpions
  A hornet simulacrum (D:15)
  14 wights
  14 killer bees
  7 vampire bats (Bailey)
  2 electric eels
  8 wolf zombies (Bailey)
  3 howler monkeys (D:7)
  5 lava snakes (Lair:5)
  2 hounds
  A jelly (D:8)
  16 orc priests
  3 gnoll boudas
  2 sleepcaps
  Terence (D:3)
  5 iguanas
  17 orc wizards
  Ijyb (D:5)
  4 hell rats (Lair:4)
  A yak simulacrum (Lair:5)
  5 polar bear simulacra (Lair:5)
  5 wolf simulacra (Lair:5)
  18 gnolls
  7 adders
  17 white imps
  4 ufetubi
  2 worms (D:6)
  2 dart slugs (D:3)
  52 orcs
  5 endoplasms
  2 giant cockroaches
  10 goblins
  7 hobgoblins
  5 jackals (Sewer)
  13 kobolds
  3 quokkas
  8 ball pythons
  6 bats
  A frilled lizard (D:1)
  20 orc zombies (Bailey)
  6 rats
1118 creatures vanquished.

Vanquished Creatures (collateral kills)
  A minotaur (Gauntlet)
1 creature vanquished.

Vanquished Creatures (others)
  A nagaraja (Snake:4)
  A dancing weapon (Elf:2)
  A deep elf knight (Elf:2)
  A goliath frog (Swamp:1)
  A bloated husk (Swamp:4)
  A naga (Snake:4)
  A centaur (D:7)
  An orc wizard (Orc:2)
  15 foxfires
23 creatures vanquished.

Grand Total: 1142 creatures vanquished

Notes
Turn   | Place    | Note
-------+----------+-------------------------------------------
     0 | D:1      | IdlyInterested the Demonspawn Monk began the quest for the
                  | Orb.
     0 | D:1      | Reached XP level 1. HP: 18/18 MP: 1/1
   144 | D:1      | Reached skill level 3 in Dodging
   215 | D:1      | Gained mutation: A meltable shield of frost defends you.
                  | (SH +4) [demonic ancestry]
   215 | D:1      | Reached XP level 2. HP: 24/24 MP: 2/2
   369 | D:1      | Reached skill level 1 in Stealth
   820 | D:2      | Reached skill level 1 in Armour
   820 | D:2      | Gained mutation: Your touch may inflict minor irresistible
                  | damage on your foes. [demonic ancestry]
   820 | D:2      | Reached XP level 3. HP: 18/29 MP: 3/3
  1104 | D:2      | Reached skill level 1 in Throwing
  1461 | D:3      | Reached XP level 4. HP: 32/35 MP: 4/4
  1484 | D:3      | Found a hide-covered altar of Uskayaw.
  1562 | D:3      | Reached skill level 1 in Shapeshifting
  1563 | D:3      | Gained mutation: You are dopey. (Int -2) [potion of
                  | mutation]
  1563 | D:3      | Gained mutation: Your spells are a little harder to cast,
                  | but a little more powerful. [potion of mutation]
  1563 | D:3      | Gained mutation: Your spells are harder to cast, but more
                  | powerful. [potion of mutation]
  1564 | D:3      | Lost mutation: You are dopey. (Int -2) [potion of mutation]
  1564 | D:3      | Lost mutation: Your spells are harder to cast, but more
                  | powerful. [potion of mutation]
  1564 | D:3      | Gained mutation: You are agile. (Dex +4, Str/Int -1)
                  | [potion of mutation]
  1564 | D:3      | Gained mutation: Your mind is acute. (Int +4, Str/Dex -1)
                  | [potion of mutation]
  1564 | D:3      | Gained mutation: Your mind is very acute. (Int +8, Str/Dex
                  | -2) [potion of mutation]
  1564 | D:3      | Gained mutation: You have hidden genetic potential. [potion
                  | of mutation]
  1609 | D:3      | Noticed Terence
  1619 | D:3      | Killed Terence
  1620 | D:3      | Reached skill level 1 in Evocations
  1753 | D:3      | Found a snail-covered altar of Cheibriados.
  1782 | D:3      | Gained mutation: You are partially covered in icy blue
                  | scales. (AC +2) [demonic ancestry]
  1782 | D:3      | Reached XP level 5. HP: 40/41 MP: 5/5
  2319 | D:4      | Noticed a phantom
  2336 | D:4      | Reached skill level 1 in Unarmed Combat
  2339 | D:4      | Gained mutation: You are very agile. (Dex +8, Str/Int -2)
                  | [hidden potential]
  2344 | D:4      | Killed a phantom
  2353 | D:4      | Reached XP level 6. HP: 43/47 MP: 6/6
  2980 | D:4      | Gained mutation: You have a somewhat thin skeletal
                  | structure. (Dex +2, Stealth+) [hidden potential]
  2980 | D:4      | Lost mutation: You have hidden genetic potential. [hidden
                  | potential expressed]
  3222 | D:5      | Entered Level 5 of the Dungeon
  3222 | D:5      | Noticed Ijyb
  3233 | D:5      | Killed Ijyb
  3597 | D:5      | Reached skill level 5 in Long Blades
  3610 | D:5      | Found a runed translucent door.
  3612 | D:5      | Noticed Age's ghost (novice MiFi)
  3677 | D:5      | Reached XP level 7. HP: 52/52 MP: 7/7
  4033 | D:5      | Noticed Menkaure
  4042 | D:5      | Killed Menkaure
  4422 | D:5      | Killed Age's ghost
  4423 | D:5      | Gained mutation: You regenerate a little health from kills.
                  | [demonic ancestry]
  4423 | D:5      | Reached XP level 8. HP: 33/60 MP: 8/8
  4880 | D:6      | Found Toixyase's Jewellery Emporium.
  4911 | D:6      | Found a glowing drain.
  4923 | Sewer    | Entered a sewer
  4987 | Sewer    | Noticed Pargi
  4995 | Sewer    | Killed Pargi
  5489 | D:6      | Reached skill level 4 in Dodging
  6067 | D:7      | Found a staircase to the Ecumenical Temple.
  6197 | D:6      | Gained mutation: You regenerate health from kills. [demonic
                  | ancestry]
  6197 | D:6      | Reached XP level 9. HP: 32/65 MP: 9/9
  7076 | D:7      | Reached skill level 10 in Long Blades
  7188 | Temple   | Found a transporter.
  7188 | Temple   | Found a transporter.
  7188 | Temple   | Found a transporter.
  7188 | Temple   | Found a transporter.
  7188 | Temple   | Entered the Ecumenical Temple
  7961 | D:8      | Found a flagged portal.
  7988 | Bailey   | Entered a bailey
  8170 | Bailey   | Gained mutation: You are mostly covered in icy blue scales.
                  | (AC +3) [demonic ancestry]
  8170 | Bailey   | Reached XP level 10. HP: 71/71 MP: 10/10
  8314 | Bailey   | Noticed a gargoyle
  8322 | Bailey   | Killed a gargoyle
  8474 | Bailey   | Got Sif Muna's Secrets of Glamour and Gloom
  8889 | D:8      | Reached skill level 5 in Fighting
  8918 | D:8      | Found a sacrificial altar of Ru.
  8977 | D:8      | Noticed a two-headed ogre
  8988 | D:8      | Killed a two-headed ogre
  9034 | D:8      | You fall into a shaft and drop 2 floors!
  9034 | D:10     | Entered Level 10 of the Dungeon
  9109 | D:10     | Noticed a gargoyle
  9116 | D:10     | Killed a gargoyle
  9130 | D:10     | Found Xiumergh's Armour Emporium.
  9282 | D:9      | Noticed a two-headed ogre
  9290 | D:9      | Killed a two-headed ogre
  9291 | D:9      | Gained mutation: A meltable icy envelope protects you from
                  | harm. (AC +8) [demonic ancestry]
  9291 | D:9      | Reached XP level 11. HP: 63/82 MP: 11/11
  9648 | D:8      | Found an ornate altar of the Wu Jian Council.
 10273 | D:9      | Noticed a two-headed ogre
 10280 | D:9      | Killed a two-headed ogre
 10342 | D:9      | Found a staircase to the Orcish Mines.
 10752 | D:10     | Noticed Erolcha
 10759 | D:10     | Killed Erolcha
 10808 | D:10     | Noticed a sun demon
 11032 | D:10     | Found a radiant altar of Vehumet.
 11034 | D:10     | Noticed Maurice
 11147 | D:10     | Noticed Erica
 11158 | D:10     | Killed Erica
 11298 | D:10     | Found a blossoming altar of Fedhas.
 11517 | D:10     | Killed Maurice
 11899 | D:11     | Reached skill level 5 in Dodging
 12175 | D:11     | Gained mutation: A meltable icy envelope protects you from
                  | harm. (AC +8) [demonic ancestry]
 12175 | D:11     | Reached XP level 12. HP: 92/92 MP: 12/12
 12207 | D:11     | Reached skill level 5 in Unarmed Combat
 12222 | D:11     | Found a staircase to the Lair.
 12443 | D:11     | Identified the +2 dagger "Itevicw" {antimagic, rElec rF+
                  | rN+}
 12570 | D:12     | Reached skill level 6 in Dodging
 12572 | D:12     | Found a frozen archway.
 12606 | IceCv    | Entered an ice cave
 12656 | IceCv    | Noticed a death yak
 12676 | IceCv    | Killed a death yak
 12716 | IceCv    | Noticed a death yak
 12719 | IceCv    | Noticed a death yak
 12722 | IceCv    | Reached skill level 7 in Dodging
 12724 | IceCv    | Killed a death yak
 12731 | IceCv    | Killed a death yak
 13002 | IceCv    | Noticed a death yak
 13016 | IceCv    | Killed a death yak
 13023 | IceCv    | Noticed a death yak
 13029 | IceCv    | Noticed a death yak
 13032 | IceCv    | Noticed a death yak
 13035 | IceCv    | Killed a death yak
 13036 | IceCv    | Reached skill level 8 in Dodging
 13042 | IceCv    | Killed a death yak
 13047 | IceCv    | Killed a death yak
 13077 | IceCv    | Noticed a death yak
 13077 | IceCv    | Noticed a frost giant
 13085 | IceCv    | Killed a death yak
 13090 | IceCv    | Killed a frost giant
 13472 | D:12     | Reached skill level 15 in Long Blades
 13522 | D:12     | Reached skill level 5 in Armour
 13553 | D:12     | Noticed a two-headed ogre
 13557 | D:12     | Killed a two-headed ogre
 13558 | D:12     | Gained mutation: Your touch may inflict irresistible damage
                  | on your foes. [demonic ancestry]
 13558 | D:12     | Reached XP level 13. HP: 98/98 MP: 13/13
 14643 | D:13     | Found Odeiqywuu's Antique Armour Shop.
 14680 | D:13     | Found a gate leading to a gauntlet.
 14688 | Gauntlet | Entered a Gauntlet
 14688 | Gauntlet | Found a transporter.
 14689 | Gauntlet | Found a transporter.
 14693 | Gauntlet | Found a runed translucent gate.
 14694 | Gauntlet | Found a runed translucent gate.
 14695 | Gauntlet | Found a runed translucent gate.
 14701 | Gauntlet | Found a transporter.
 14705 | Gauntlet | Found a transporter.
 14709 | Gauntlet | Found a runed translucent door.
 14714 | Gauntlet | Found a runed translucent door.
 14718 | Gauntlet | Found a transporter.
 14722 | Gauntlet | Found a transporter.
 14733 | Gauntlet | Noticed a quicksilver ooze
 14736 | Gauntlet | Found a transporter.
 14759 | Gauntlet | Found a transporter.
 14781 | Gauntlet | Found a transporter.
 14786 | Gauntlet | Found a transporter.
 14795 | Gauntlet | Found a transporter.
 14799 | Gauntlet | Found a transporter.
 15084 | Gauntlet | Identified the +1 hat of Archublu {+Blink rPois}
 15134 | Gauntlet | Identified the ring "Zunoum" {Fly Str+6 Int+4}
 15181 | Gauntlet | Noticed a minotaur
 15189 | Gauntlet | Killed a minotaur
 15220 | Gauntlet | Identified the +1 leather armour of Noughts and Crosses
                  | {rF+ Will++ Dex+2}
 15223 | Gauntlet | Got the Catalogue of Necromancy
 15234 | Gauntlet | Got the Handbook of Shifting
 15236 | Gauntlet | Identified the +0 leather armour "Uzaokic" {rElec rF+ rN+
                  | Int+5}
 15449 | D:13     | Found a gate to the Vaults.
 16039 | D:14     | Noticed Roxanne
 16065 | D:14     | Killed Roxanne
 16315 | D:14     | Found Totwex's Jewellery Shoppe.
 16693 | D:14     | Noticed Nessos
 16705 | D:14     | Killed Nessos
 16800 | D:14     | Found a hazy altar of Hepliaklqana.
 17097 | D:15     | Entered Level 15 of the Dungeon
 17439 | D:15     | Identified the +0 robe "Ykkuecs" {rPois}
 17578 | D:15     | Paralysed by an ogre mage for 3 turns
 17620 | D:15     | Reached XP level 14. HP: 68/108 MP: 4/14
 18013 | D:15     | Found a staircase to the Depths.
 18022 | D:15     | Reached skill level 9 in Dodging
 18415 | D:15     | Found a portal to a secret trove of treasure.
 18463 | Trove    | Entered a treasure trove
 18532 | Trove    | Identified the +9 lajatang "Killer Bee's Regret" {flame,
                  | *Noise rElec Str+4 Int+2}
 18556 | Trove    | Identified the ring of Cowardice {Fly Str+3}
 18921 | Lair:1   | Entered Level 1 of the Lair of Beasts
 19092 | Lair:1   | Reached skill level 10 in Dodging
 19345 | Lair:1   | Found a large runed translucent door.
 19345 | Lair:1   | Found a large runed translucent door.
 19347 | Lair:1   | Noticed Ehotes's ghost (journeyman OpSh)
 19359 | Lair:1   | Killed Ehotes's ghost
 19426 | Lair:1   | Noticed Joseph
 19433 | Lair:1   | Killed Joseph
 19861 | Lair:2   | Reached skill level 10 in Fighting
 19877 | Lair:2   | Found a staircase to the Swamp.
 20115 | Lair:2   | Found a staircase to the Snake Pit.
 20119 | Lair:2   | Reached skill level 11 in Dodging
 20237 | Lair:2   | You are sucked into a shaft and drop 2 floors!
 20728 | Lair:2   | Gained mutation: Your touch may irresistibly damage your
                  | foes and sap their willpower. [demonic ancestry]
 20728 | Lair:2   | Reached XP level 15. HP: 111/115 MP: 15/15
 22123 | Lair:4   | Reached skill level 12 in Dodging
 22709 | Lair:5   | Entered Level 5 of the Lair of Beasts
 22732 | Lair:5   | Reached skill level 10 in Unarmed Combat
 23455 | Lair:5   | Reached skill level 13 in Dodging
 23517 | Lair:5   | Found a viscous altar of Jiyva.
 23517 | Lair:5   | Found a staircase to the Slime Pits.
 23604 | Lair:5   | Found a large runed translucent door.
 23604 | Lair:5   | Found a large runed translucent door.
 24495 | Orc:1    | Entered Level 1 of the Orcish Mines
 24635 | Orc:1    | Noticed Harold
 24647 | Orc:1    | Killed Harold
 24756 | Orc:2    | Entered Level 2 of the Orcish Mines
 24834 | Orc:2    | Found a staircase to the Elven Halls.
 25318 | Orc:2    | Found a large runed translucent door.
 25318 | Orc:2    | Noticed Eugor's ghost (journeyman GrEE)
 25324 | Orc:2    | Found a large runed translucent door.
 25340 | Orc:2    | Killed Eugor's ghost
 25743 | Orc:2    | Reached skill level 14 in Dodging
 25841 | Orc:2    | Found Jongaylox's Distillery.
 25841 | Orc:2    | Found Teiwnarr's Magic Scroll Emporium.
 25841 | Orc:2    | Found Tipsy's Assorted Antiques.
 25844 | Orc:2    | Found Xocaupt's Distillery.
 26382 | Snake:1  | Entered Level 1 of the Snake Pit
 26448 | Snake:1  | Gained mutation: You regenerate a lot of health from kills.
                  | [demonic ancestry]
 26448 | Snake:1  | Reached XP level 16. HP: 40/125 MP: 16/16
 26596 | Snake:1  | Identified the +0 scale mail of the Sun {rF++}
 26598 | Snake:1  | Found a shadowy altar of Dithmenos.
 26852 | Snake:1  | Got the Tome of the Volcano and the Shot
 26911 | Snake:1  | Found Romutriq's Jewellery Shop.
 26911 | Snake:1  | Found Iny Key's Book Shoppe.
 26912 | Snake:1  | Found Soze's Jewellery Shop.
 27369 | Snake:2  | Found a shimmering altar of Xom.
 27396 | Snake:2  | Reached skill level 15 in Dodging
 27958 | Snake:3  | Found an ancient bone altar of Kikubaaqudgha.
 28448 | Snake:4  | Entered Level 4 of the Snake Pit
 28448 | Snake:4  | Found Omerr's Mass Market.
 28520 | Snake:4  | Reached skill level 16 in Dodging
 28545 | Snake:4  | Found a flickering gateway to a bazaar.
 28573 | Bazaar   | Entered a bazaar
 28586 | Bazaar   | Found Cyxkiney's Magic Scroll Emporium.
 28587 | Bazaar   | Found Rukofadd's Assorted Antiques.
 28624 | Bazaar   | Found Cyereyqo's General Store.
 28624 | Bazaar   | Found Caenwoiq's Distillery.
 28675 | Bazaar   | Bought a scroll of enchant armour for 90 gold pieces
 28687 | Bazaar   | Bought a scroll of blinking for 157 gold pieces
 28687 | Bazaar   | Bought a scroll of silence for 199 gold pieces
 28687 | Bazaar   | Bought a potion of haste for 210 gold pieces
 28709 | Bazaar   | Bought a potion of curing for 36 gold pieces
 28730 | Bazaar   | Bought a scroll of teleportation for 36 gold pieces
 28730 | Bazaar   | Bought a scroll of teleportation for 36 gold pieces
 28730 | Bazaar   | Bought a scroll of teleportation for 36 gold pieces
 28730 | Bazaar   | Bought a scroll of fear for 48 gold pieces
 28751 | Bazaar   | Bought a +6 ring of intelligence for 432 gold pieces
 29247 | Snake:4  | Gained mutation: You punish those that try to bend your
                  | will. (Will+) [demonic ancestry]
 29247 | Snake:4  | Reached XP level 17. HP: 133/133 MP: 17/17
 29665 | Snake:4  | Got a serpentine rune of Zot
 30123 | Swamp:1  | Entered Level 1 of the Swamp
 30188 | Swamp:1  | Found a sparkling altar of Nemelex Xobeh.
 30422 | Swamp:1  | Identified the +4 plate armour of Alianomo {rF- rC++ Regen+
                  | Int+4}
 30661 | Swamp:2  | Reached skill level 10 in Armour
 31956 | Swamp:4  | Entered Level 4 of the Swamp
 32285 | Swamp:4  | Noticed a tentacled monstrosity
 32298 | Swamp:4  | Killed a tentacled monstrosity
 32954 | Swamp:4  | Upgraded the game from 0.31-a0-691-g409c26aa35 to
                  | 0.31-a0-700-gf13585253f
 33006 | Swamp:4  | Noticed a tentacled monstrosity
 33018 | Swamp:4  | Killed a tentacled monstrosity
 33215 | Swamp:4  | Noticed a tentacled monstrosity
 33233 | Swamp:4  | Killed a tentacled monstrosity
 33320 | Swamp:4  | Reached XP level 18. HP: 88/143 MP: 18/18
 33457 | Swamp:4  | Reached skill level 5 in Evocations
 33655 | Swamp:4  | Got a decaying rune of Zot
 33996 | Temple   | Became a worshipper of Makhleb the Destroyer
 33996 | Temple   | Reached * piety under Makhleb
 33996 | Temple   | Reached ** piety under Makhleb
 34145 | Elf:1    | Entered Level 1 of the Elven Halls
 34167 | Elf:1    | Found a radiant altar of Vehumet.
 34538 | Elf:1    | Noticed Azrael
 34557 | Elf:1    | Killed Azrael
 34652 | Elf:1    | Noticed Louise
 34683 | Elf:1    | Killed Louise
 35289 | Elf:1    | Reached *** piety under Makhleb
 35383 | Elf:2    | Found Misiekka's Weapon Shop.
 35435 | Elf:2    | Found Fogunn's Weapon Boutique.
 35724 | Elf:2    | Found Qevubibo's General Store.
 35728 | Elf:2    | Bought a potion of curing for 57 gold pieces
 35886 | Elf:2    | Reached skill level 5 in Throwing
 35902 | Elf:2    | Found Qokkokk's Assorted Antiques.
 35930 | Elf:2    | Found Rorealal's Book Shop.
 35995 | Elf:2    | Found a runed translucent gate.
 35995 | Elf:2    | Found a runed translucent gate.
 35995 | Elf:2    | Found a runed translucent gate.
 36308 | Elf:2    | Reached **** piety under Makhleb
 36595 | Elf:3    | Entered Level 3 of the Elven Halls
 36782 | Elf:3    | Reached ***** piety under Makhleb
 36786 | Elf:3    | Reached XP level 19. HP: 145/152 MP: 19/19
 36807 | Elf:3    | Killed from afar by a deep elf elementalist

Illustrated notes

Levels and vault maps discovered:
D:1:      amcnicky_arrival_blooded_trapdoor, layout_basic
D:2:      layout_rooms, minmay_misc_feat_encased
D:3:      layout_basic, mainiacjoe_overflow_alcove_2, nicolae_overflow_squiral,
          minmay_bisected, uniq_terence
D:4:      layout_basic
D:5:      wad_lake_hut, layout_loops_corners, ebering_ghost_sewer_d,
          amcnicky_mini_pool_small, uniq_menkaure, uniq_ijyb
D:6:      layout_cave_pods, serial_shops, nicolae_shop_statue_plus,
          cheibrodos_sewer_entry_sluice
D:7:      layout_cave_pods, minmay_temple_entry_trees, centaur_isle
D:8:      hangedman_cross_stitches, layout_basic,
          nicolae_ru_sacrificial_ziggurat, pdpol_wu_jian_five_deadly_venoms,
          enter_bailey_5
D:9:      layout_rooms, david_orc_1_choice, supply_closet_lemuel
D:10:     layout_loops_ring, fedhas_altar_1, fiery_altar_vehumet, serial_shops,
          nicolae_shop_real_fake_doors, kennysheep_generic_room_7, uniq_maurice,
          uniq_erica, uniq_erolcha
D:11:     layout_rooms, erik_lair_dragon, hangedman_decor_slide_cut
D:12:     layout_gridville, portal_ice_cave_entry_imps, grunt_ogre_cave
D:13:     layout_loops_ring, hellmonk_vaults_keyhole, serial_shops,
          nicolae_shop_peninsula, gauntlet_entry_generic
D:14:     layout_loops_corners, nzn_hepliaklqana_mist_gate, serial_shops, shop,
          abandoned_shop, uniq_nessos, uniq_roxanne
D:15:     gammafunk_depths_entry_grave, layout_long_grid, grunt_decor_junction,
          serial_ice, serial_ice_m, serial_ice_g, serial_ice_a, serial_ice_n,
          nicolae_trove_entry_path_of_doom, serial_bayou_pond_b
Temple:   hellmonk_temple_divided_pantheon
Lair:1:   layout_regular_city, ebering_ghost_disaster_area, grunt_megastairs_4,
          uniq_joseph
Lair:2:   layout_cave_shapes, skrybe_swamp_entry_bodies,
          minmay_snake_entry_guardpost_medium, serial_bayou_shore_b,
          serial_bayou_shore_b, infiniplex_staircase_pool
Lair:3:   layout_gridlike, grunt_megastairs_5
Lair:4:   layout_layer_cave, serial_bayou_crossing
Lair:5:   cheibrodos_lair_end_hotspot, layout_cave_pods,
          dpeg_slime_entry_enclosed, eino_house_with_fridge,
          infiniplex_staircase_pool_2
Swamp:1:  layout_falls_marsh, lemuel_altar_in_water
Swamp:2:  layout_basic_swamp, nicolae_swamp_treefoil, swamp_pool1
Swamp:3:  layout_basic_swamp, nicolae_swamp_oxbows, swamp_pool5
Swamp:4:  nzn_swamp_witches_coven, layout_basic_swamp, swamp_pool5,
          hangedman_swamp_lotus
Snake:1:  layout_misc_corridors, lemuel_oklob_altar, minmay_shop_grove
Snake:2:  layout_misc_corridors, basic_altar
Snake:3:  nicolae_snake_nest, layout_onion_interference, basic_altar,
          grunt_ministairs_15
Snake:4:  grunt_snake_rune_pools, layout_misc_corridors, serial_shops,
          bzr_entry_lakeside, st_stairs_5, minmay_shop_mass,
          serial_bayou_shore_a, lemuel_fruit_tree
Orc:1:    layout_caves, basic_altar, uniq_harold
Orc:2:    st_orc_rangers, layout_caves, ebering_ghost_disaster_area,
          minmay_orc_temple_c
Elf:1:    eino_elf_arrival_altar, layout_onion_city,
          kennysheep_underground_church, uniq_azrael, uniq_louise
Elf:2:    nicolae_elf_blades_splatter_lattice [nicolae_blade_tridents],
          layout_gridlike, serial_shops, nicolae_shop_pleasant_corner_grove,
          shop, nicolae_shop_tiny_waterfront, shop, nicolae_book_shop_shelving
Elf:3:    minmay_elf_hall_spiked, layout_loops_corners

Skill      XL: |  1  2  3  4  5  6  7  8  9 10 11 12 13 14 15 16 17 18 |
---------------+-------------------------------------------------------+-----
Dodging        | 3 4 5 8 11 14 16 | 16.0
Stealth        | 1 2 4 |  4.0
Long Blades    | 3 4 5 7 8 10 12 14 15 | 15.4
Armour         | 1 3 5 6 7 12 | 12.0
Throwing       | 1 2 4 7 |  7.7
Shapeshifting  | 1 2 3 4 |  4.0
Evocations     | 1 2 4 8 |  8.0
Unarmed Combat | 2 3 4 7 8 9 10 11 12 13 | 13.5
Fighting       | 4 6 8 9 10 11 12 13 14 | 14.0

Action                     |  1- 3 |  4- 6 |  7- 9 | 10-12 | 13-15 | 16-18 | 19-21 || total
---------------------------+-------+-------+-------+-------+-------+-------+-------++-------
  Melee: Falchion          |    95 |    88 |   245 |    85 |       |       |       ||   513
         Touch             |    11 |    17 |    72 |   109 |   245 |   273 |     3 ||   730
         Unarmed           |       |     5 |       |       |       |       |       ||     5
         Punch             |       |       |    17 |    22 |    75 |   114 |     4 ||   232
         Scimitar          |       |       |    75 |   388 |    79 |     4 |       ||   546
         Dagger            |       |       |       |    13 |    39 |    34 |       ||    86
         Demon blade       |       |       |       |       |  1053 |  1229 |    22 ||  2304
  Throw: Stone             |       |     7 |    24 |    18 |     1 |       |       ||    50
         Dart              |       |       |       |     4 |    64 |     5 |       ||    73
         Boomerang         |       |       |       |       |     7 |       |       ||     7
         Javelin           |       |       |       |       |     3 |       |       ||     3
  Evoke: Wand              |       |       |    21 |       |     5 |     4 |       ||    30
         Phantom mirror    |       |       |       |       |     1 |       |       ||     1
    Use: Scroll            |     3 |       |    11 |     8 |     7 |     4 |       ||    33
         Potion            |       |     3 |     1 |     8 |     5 |     8 |       ||    25
   Stab: Sleeping          |     1 |     2 |    12 |    16 |    33 |    28 |       ||    92
         Confused          |       |     1 |       |       |       |     1 |       ||     2
         Distracted        |       |       |     2 |     1 |     5 |     5 |       ||    13
         Invisible         |       |       |       |       |       |     9 |       ||     9
 Armour: Robe              |    11 |    17 |   143 |       |       |       |       ||   171
         Ring mail         |    35 |    32 |       |       |       |       |       ||    67
         Skin              |       |     2 |       |       |       |       |       ||     2
         Leather armour    |       |       |    34 |    32 |    51 |   459 |    16 ||   592
         Steam dragon scal |       |       |       |    39 |       |       |       ||    39
         Acid dragon scale |       |       |       |   102 |   317 |       |       ||   419
         Chain mail        |       |       |       |    82 |       |       |       ||    82
  Dodge: Dodged            |    56 |    56 |   291 |   247 |   743 |   966 |    10 ||  2369
  Block: Orb               |     7 |       |       |     2 |       |       |       ||     9
         Other             |     6 |    11 |    70 |    53 |   306 |   360 |     6 ||   812
         Reflection        |       |       |       |       |    21 |    36 |     1 ||    58

Table legend: (Time is in decaauts)
 A = Elapsed time spent in this place.
 B = Non-inter-level travel time spent in this place.
 C = Inter-level travel time spent in this place.
 D = Time resting spent in this place.
 E = Time spent auto-exploring this place.
 F = Levels seen in this place.
 G = Mean time per level.
                   A        B        C        D        E       F      G
               +--------+--------+--------+--------+--------+-----+--------+
         Total |  35784 |  30239 |   5545 |   2895 |  16334 |  40 |  894.6 |
       Dungeon |  17249 |  13776 |   3473 |   1518 |   8257 |  15 | 1149.9 |
        Temple |     39 |      3 |     36 |      0 |      0 |   1 |   39.0 |
          Lair |   5364 |   4793 |    571 |      8 |   3392 |   5 | 1072.8 |
         Swamp |   3477 |   2732 |    745 |    178 |   1507 |   4 |  869.2 |
     Snake Pit |   3241 |   2988 |    253 |    271 |   1585 |   4 |  810.2 |
  Orcish Mines |   1668 |   1334 |    334 |    108 |    365 |   2 |  834.0 |
   Elven Halls |   2542 |   2412 |    130 |    433 |   1141 |   3 |  847.3 |
        Bazaar |    233 |    233 |      0 |      0 |     21 |   1 |  233.0 |
         Trove |    111 |    111 |      0 |      0 |      0 |   1 |  111.0 |
         Sewer |    154 |    154 |      0 |      0 |     53 |   1 |  154.0 |
        Bailey |    524 |    524 |      0 |     76 |      4 |   1 |  524.0 |
      Ice Cave |    619 |    619 |      0 |    115 |      8 |   1 |  619.0 |
      Gauntlet |    557 |    557 |      0 |    183 |      0 |   1 |  557.0 |
               +--------+--------+--------+--------+--------+-----+--------+

Top non-repeatable levels by time:
     D:7: 1578 daAuts
     D:6: 1517 daAuts
   Elf:1: 1492 daAuts
 Swamp:4: 1475 daAuts
     D:5: 1428 daAuts
  Lair:5: 1416 daAuts
    D:15: 1307 daAuts
     D:8: 1306 daAuts
    D:14: 1268 daAuts
    D:10: 1251 daAuts
 Snake:4: 1223 daAuts
   Orc:2: 1199 daAuts
    D:11: 1198 daAuts
  Lair:4: 1187 daAuts
     D:4: 1103 daAuts
